 Dungeon Crawl Stone Soup version 0.27-a0-1177-g245c70e1c0 (webtiles) character file.

Game seed: 6883870043672125177

121 polve the Chopper (level 4, 0/35 HPs)
             Began as a Demonspawn Gladiator on May 16, 2021.
             Was an Initiate of Makhleb.
             Slain by Purgy (6 damage)
             ... on level 3 of the Dungeon.
             The game lasted 00:02:11 (2128 turns).

polve the Chopper (Demonspawn Gladiator)            Turns: 2128, Time: 00:02:11

Health: 0/35       AC:  9    Str: 15    XL:     4   Next: 77%
Magic:  4/4        EV:  9    Int: 10    God:    Makhleb [......]
Gold:   61         SH:  9    Dex: 14    Spells: 3/3 levels left

rFire    . . .     SeeInvis .   a - +0 war axe
rCold    . . .     Faith    .   m - +2 kite shield
rNeg     . . .     Spirit   .   b - +0 leather armour
rPois    .         Reflect  .   c - +0 helmet
rElec    .         Harm     .   (no cloak)
rCorr    .         Rampage  .   (no gloves)
Will     .....                  (no boots)
Stlth    +.........             (no amulet)
HPRegen  0.11/turn              g - +4 ring of protection
MPRegen  0.18/turn              (no ring)

@: no status effects
A: magic regeneration, sharp scales 1
a: Renounce Religion


You were on level 3 of the Dungeon.
You worshipped Makhleb.
Makhleb was noncommittal.
You visited 1 branch of the dungeon, and saw 3 of its levels.

You collected 61 gold pieces.

Inventory:

Hand Weapons
 a - a +0 war axe (weapon)
Missiles
 d - 3 throwing nets (quivered)
Armour
 b - a +0 leather armour (worn)
 c - a +0 helmet (worn)
 m - a +2 kite shield (worn)
Jewellery
 g - a +4 ring of protection (left hand)
Scrolls
 h - a scroll of teleportation {unknown}
 j - a scroll of noise {unknown}
 k - a scroll of fear {unknown}
Potions
 e - 2 potions of curing {unknown}
 f - a potion of heal wounds {unknown}
 i - a potion of haste {unknown}
 l - a potion of degeneration {unknown}


   Skills:
 + Level 3.2 Fighting
 * Level 4.4 Axes
 - Level 1.7 Throwing
 - Level 2.6 Dodging


You had 3 spell levels left.
You didn't know any spells.
Your spell library contained the following spells:

 Spells                   Type           Power      Damage    Failure   Level
 Foxfire                  Conj/Fire      0%         2x1d4     97%         1
 Conjure Flame            Conj/Fire      0%         6-21      100%        3
 Inner Flame              Hex/Fire       0%         N/A       100%        3
 Sticky Flame             Conj/Fire      0%         2d3       100%        4
 Fireball                 Conj/Fire      0%         3d3       100%        5


Dungeon Overview and Level Annotations

Branches:
Dungeon (3/15)

Altars:
Makhleb
Vehumet

Annotations:
D:3 Purgy


Innate Abilities, Weirdness & Mutations

You regenerate magic rapidly.
You are partially covered in razor-sharp scales. (AC +1, Slay +1)


Message History

Purgy claws you but does no damage.
You hit Purgy.
Purgy is heavily wounded.
Purgy bites you but does no damage. Purgy claws you but does no damage.
You block Purgy's attack. Purgy barely misses you.
Purgy claws you but does no damage. Purgy barely misses you.
You slash Purgy!
Purgy is severely wounded.
You block Purgy's attack. x2; Purgy barely misses you.
You hit Purgy.
Purgy is severely wounded.
You block Purgy's attack. x2; Purgy claws you but does no damage.
Purgy bites you. Purgy claws you but does no damage. x2
You hit Purgy.
Purgy is severely wounded.
Purgy closely misses you. You block Purgy's attack. Purgy claws you.
You closely miss Purgy.
Purgy is severely wounded.
You block Purgy's attack. x2; Purgy claws you but does no damage.
Purgy bites you.
* * * LOW HITPOINT WARNING * * *
Purgy claws you but does no damage. x2
You closely miss Purgy.
Purgy is severely wounded.
Purgy misses you. Purgy closely misses you. Purgy barely misses you.
You block Purgy's attack. Purgy closely misses you.
Purgy claws you but does no damage.
You closely miss Purgy.
Purgy is severely wounded.
Purgy closely misses you. x2; You block Purgy's attack.
You hit Purgy.
Purgy is severely wounded.
Purgy bites you but does no damage. You block Purgy's attack. x2
Purgy bites you but does no damage. Purgy claws you but does no damage.
Purgy claws you.
* * * LOW HITPOINT WARNING * * *
You barely miss Purgy.
Purgy is severely wounded.
Purgy bites you.
You die...

.. ##.##### ...
#.# .... #.# .
....###.### ..
..........# ...
?.........#!...
............#
..........#.#
#......@..#.#
#......T.......
#.........#.###
#.........#.#
#.........# #
#########.# .#
.#


You could see Purgy.

Vanquished Creatures
  A crimson imp (D:3)
  3 gnolls (D:2)
  An adder (D:3)
  3 worms
  An orc (D:3)
  4 bats
  2 endoplasms
  2 giant cockroaches
  4 goblins
  3 hobgoblins (D:1)
  5 jackals
  2 kobolds
  2 quokkas
  2 ball pythons (D:1)
  4 frilled lizards
  5 rats
44 creatures vanquished.

Notes
Turn   | Place    | Note
-------+----------+-------------------------------------------
     0 | D:1      | polve the Demonspawn Gladiator began the quest for the Orb.
     0 | D:1      | Reached XP level 1. HP: 16/16 MP: 1/1
   212 | D:1      | Reached skill level 3 in Axes
   227 | D:1      | Gained mutation: You are partially covered in razor-sharp
                  | scales. (AC +1, Slay +1) [demonic ancestry]
   227 | D:1      | Reached XP level 2. HP: 17/22 MP: 2/2
   674 | D:1      | Found a faded altar of an unknown god.
   963 | D:2      | Gained mutation: You regenerate magic rapidly. [demonic
                  | ancestry]
   963 | D:2      | Reached XP level 3. HP: 24/28 MP: 3/3
  1430 | D:2      | Reached skill level 4 in Axes
  1486 | D:2      | Reached XP level 4. HP: 22/34 MP: 4/4
  1942 | D:3      | Found a radiant altar of Vehumet.
  1942 | D:3      | Found a burning altar of Makhleb.
  2007 | D:3      | Became a worshipper of Makhleb the Destroyer
  2102 | D:3      | Noticed Purgy
  2128 | D:3      | Slain by Purgy

Illustrated notes

Levels and vault maps discovered:
D:1:      wander_arrival_chamber, layout_rooms,
          hellmonk_ecumenical_altar_slurped_away, grunt_decor_clamped,
          minmay_strange_pillars, kennysheep_minor_cross
D:2:      layout_rooms, chequers_serial_rivers_room_a, grunt_ministairs_14
D:3:      layout_basic, grunt_temple_overflow_lords_of_destruction, uniq_purgy

Skill      XL: |  1  2  3  4 |
---------------+-------------+-----
Axes           | 3 4 |  4.4
Fighting       | 3 |  3.2
Throwing       | |  1.7
Dodging        | |  2.6

Action                   |  1- 3 |  4- 6 || total
-------------------------+-------+-------++-------
Melee: War axe           |    78 |    53 ||   131
Armor: Leather armour    |    25 |    45 ||    70
Dodge: Dodged            |    55 |    38 ||    93
Block: Kite shield       |     9 |    41 ||    50

Table legend: (Time is in decaauts)
 A = Elapsed time spent in this place.
 B = Non-inter-level travel time spent in this place.
 C = Inter-level travel time spent in this place.
 D = Time resting spent in this place.
 E = Time spent auto-exploring this place.
 F = Levels seen in this place.
 G = Mean time per level.
                   A        B        C        D        E       F      G
               +--------+--------+--------+--------+--------+-----+--------+
         Total |   2196 |   2120 |     76 |      0 |   1768 |   3 |  732.0 |
       Dungeon |   2196 |   2120 |     76 |      0 |   1768 |   3 |  732.0 |
               +--------+--------+--------+--------+--------+-----+--------+

Top non-repeatable levels by time:
     D:1: 912 daAuts
     D:2: 852 daAuts
     D:3: 431 daAuts
